 Dungeon Crawl Stone Soup version 0.14-a0-788-g14b720c (webtiles) character file.

174 Impy the Fey Demonspawn (level 4, -1/34 HPs)
             Began as a Demonspawn Death Knight on Nov 11, 2013.
             Was a Believer of Yredelemnul.
             Slain by a gnoll
             ... wielding a +0,+0 spear
              (3 damage)
             ... on Level 3 of the Dungeon.
             The game lasted 00:05:44 (2286 turns).

Impy the Fey Demonspawn (Demonspawn Death Knight)   Turns: 2286, Time: 00:05:45

HP  -1/34        AC  8     Str 14      XL: 4   Next: 28%
MP   7/7         EV  8     Int 12      God: Yredelemnul [**....]
Gold 87          SH  0     Dex 11      Spells:  0 memorised,  3 levels left

Res.Fire  : . . .   See Invis. : .   a - +1 mace
Res.Cold  : . . .   Warding    : .   d - +0 orc scale mail
Life Prot.: . . .   Conserve   : .   (no shield)
Res.Poison: .       Res.Corr.  : .   (helmet restricted)
Res.Elec. : .       Clarity    : .   (no cloak)
Sust.Abil.: . .     Spirit.Shd : .   (no gloves)
Res.Mut.  : .       Stasis     : .   (no boots)
Res.Rott. : .       Flight     : .   (no amulet)
Saprovore : . . .                    (no ring)
                                     j - cursed ring of teleport control

@: slow, slightly resistant to hostile enchantments, extremely unstealthy
A: horns 1, slowness 1, spiny 1, AC +2, Dex -2
a: Animate Remains, Recall Undead Slaves, Injury Mirror, Renounce Religion,
Evoke Teleport Control


You were on level 3 of the Dungeon.
You worshipped Yredelemnul.
Yredelemnul was pleased with you.
You were not hungry.

You visited 1 branch of the dungeon, and saw 3 of its levels.

You collected 87 gold pieces.

Inventory:

Hand weapons
 a - a +1,+1 mace (weapon)
Armour
 b - a +0 leather armour
 d - a +0 orcish scale mail (worn)
Comestibles
 c - a bread ration
 g - a chunk of bat flesh
 k - a pear
 n - a choko
Scrolls
 h - a scroll of remove curse
Jewellery
 f - an uncursed ring of sustenance {unknown}
 j - a cursed ring of teleport control (left hand)
Potions
 e - a potion of restore abilities
 i - 2 potions of brilliance


   Skills:
 + Level 2.8 Fighting
 + Level 3.0 Maces & Flails
 + Level 2.1 Armour
 - Level 0.8 Dodging
 - Level 3.6 Invocations


You had 3 spell levels left.
You didn't know any spells.

Dungeon Overview and Level Annotations

Branches:
Dungeon (3/27)

Altars:
Sif Muna

Annotations:
D:3 Grinder; Impy's ghost, average DsGl


Innate Abilities, Weirdness & Mutations

You are partially covered in yellow scales (AC +2).
You are partially covered in sharp spines.
You have a pair of small horns on your head.
You are clumsy. (Dex -2)
You cover ground slowly.


Message History

* * * LOW HITPOINT WARNING * * *
You thump the gnoll!
The gnoll is moderately wounded.
The gnoll closely misses you.
The gnoll unwields an uncursed whip.
The gnoll drops an uncursed whip.
The gnoll picks up a halberd.
The gnoll wields a halberd.
You hit the gnoll.
The gnoll is heavily wounded.
The gnoll barely misses you.
You closely miss the gnoll.
The gnoll is heavily wounded.
The gnoll misses you. The gnoll hits you with a halberd.
* * * LOW HITPOINT WARNING * * *
The gnoll barely misses you.
You hit the gnoll.
The gnoll is almost dead.
The gnoll barely misses you.
The gnoll hits you from afar with a spear.
You die...
Your body rises from the dead as a mindless zombie.

#.<.....# #
#.......# #.......#
##+###### #+## #.#
..... #.#
.......### #.#
.......'g##### #.##
.......#gg@..###..#
.....
#####....#.########
....
####..........# g..
###.######... . #.#
#.# #.# #.# #.#


You could see 3 gnolls.

Vanquished Creatures
  3 adders
  A gnoll (D:3)
  A worm (D:3)
  2 giant geckos (D:1)
  An ooze (D:3)
  An orc (D:3)
  A ball python (D:2)
  6 bats
  2 giant cockroaches (D:1)
  4 hobgoblins (D:1)
  2 giant newts (D:1)
  4 goblins
  6 kobolds
  9 rats
43 creatures vanquished.

Vanquished Creatures (others)
  An adder zombie (D:3)
1 creature vanquished.

Grand Total: 44 creatures vanquished

Notes
Turn   | Place    | Note
--------------------------------------------------------------
     0 | D:1      | Impy, the Demonspawn Death Knight, began the quest for the Orb.
     0 | D:1      | Reached XP level 1. HP: 16/16 MP: 2/2
    38 | D:1      | Reached skill level 1 in Armour
   104 | D:1      | Gained mutation: You are partially covered in yellow scales (AC +2). [demonic ancestry]
   104 | D:1      | Reached XP level 2. HP: 12/22 MP: 4/4
   328 | D:1      | Acquired Yredelemnul's second power
   931 | D:2      | Reached XP level 3. HP: 24/27 MP: 5/5
  1541 | D:2      | Found a deep blue altar of Sif Muna.
  1609 | D:3      | Gained mutation: You cover ground slowly. [potion of mutation]
  1609 | D:3      | Gained mutation: You have a pair of small horns on your head. [potion of mutation]
  1609 | D:3      | Gained mutation: You are clumsy. (Dex -2) [potion of mutation]
  1851 | D:3      | Noticed Grinder
  1851 | D:3      | Noticed Impy's ghost (average DsGl)
  1869 | D:3      | Paralysed by Grinder for 6 turns
  2005 | D:3      | Gained mutation: You are partially covered in sharp spines. [demonic ancestry]
  2005 | D:3      | Reached XP level 4. HP: 16/34 MP: 7/7
  2286 | D:3      | Slain by a gnoll

Action                   |  1- 3 |  4- 6 || total
-------------------------+-------+-------++-------
Melee: Mace              |   129 |    29 ||   158
Invok: Animate Remains   |       |     1 ||     1
  Use: Scroll            |     9 |       ||     9
       Potion            |     6 |       ||     6
